Workbook
Name \a: #REF!
Name \p: #REF!
Name _612R: #REF!
Name _P: #REF!
Name A_impresión_IM: #REF!
Name ABC: #REF!
Name AJUSTADOSNOV08: #REF!
Name ajustes: #REF!
Name as: #REF!
Name as: #REF!
Name CANTIDAD: #REF!
Name Cedula: #REF!
Name Cedula: #REF!
Name Cedula: #REF!
Name Cedula: #REF!
Name Cedula: #REF!
Name Cedula: #REF!
Name Cedula: #REF!
Name Cedula: #REF!
Name Cedula: #REF!
Name Cedula: #REF!
Name Cedula: #REF!
Name CHACHARA: #REF!
Name dias: [1]Cronograma!$A$1:$B$7
Name duracion_obra: #REF!
Name duracion_obra: #REF!
Name duracion_obra: #REF!
Name duracion_obra: #REF!
Name duracion_obra: #REF!
Name duracion_obra: #REF!
Name duracion_obra: #REF!
Name duracion_obra: #REF!
Name duracion_obra: #REF!
Name duracion_obra: #REF!
Name duracion_obra: #REF!
Name ererere: #REF!
Name ererere: #REF!
Name ererere: #REF!
Name ererere: #REF!
Name ererere: #REF!
Name ererere: #REF!
Name ererere: #REF!
Name ererere: #REF!
Name ererere: #REF!
Name ererere: #REF!
Name ererere: #REF!
Name fgdg: #REF!
Name fgdg: #REF!
Name fgdg: #REF!
Name fgdg: #REF!
Name fgdg: #REF!
Name fgdg: #REF!
Name fgdg: #REF!
Name fgdg: #REF!
Name fgdg: #REF!
Name fgdg: #REF!
Name fgdg: #REF!
Name FORMULAS: #REF!
Name frecuencia1: #REF!
Name frecuencia1: #REF!

Sheet EST DE MERCADO AJUSTADO
B2: SENA REGIONAL BOYACA
B3: CENTRO CIMM
B4: MATERIALES FIC
B5: FECHA: DICIEMBRE DE 2025
B6: ESTUDIO DE MERCADO - TRASLADO DE ESTRUCTURA METALICA
B8: Centro Industrial de Mantenimiento y Manufactura (SOGAMOSO)
B9: ITEM | C9: DESCRIPCION | D9: UND | E9: CANTIDAD | F9: PROVEEDOR 1 - SEMITEC SAS | G9: PROVEEDOR 2- FREDY RIVERA | H9: VALOR Promedio | I9: VALOR TOTAL
B11: 1 | C11: Servicio de replanteo y descapote del area destinada para acopio estructura Metalica, incluye retiro de capa vegetal de 5 cm, cargue y retiro de materiales sobrante a escombrera autorizada. Instalacion de capa de material de afirmado compactado de 10 cm de espesor pendientado para manejo de aguas incluye construccion de zanja en perimetro de 20 metros lineales para desague de aguas de escorrentia. | D11: M2 | E11: 300 | F11: 8600000 | G11: 8250000 | H11: =(F11+G11)/2 -> 8425000 | I11: =H11 -> 8425000
B12: 2 | C12: Servicio de cargue de estructura metalica con grua telescopica, movilización interna y traslado de esta estructura por la via Carrera 12, retorno glorieta gustavo jimenez para volver a la carrera 12 y realizar ingreso por la via diagonal 55 para ingreso a parqueadero norte del centro industrial de mantenimiento y manufactura encontrando el punto de acopio al respaldo de area de torre de alturas donde debe realizarce descargue de estructura metalica Incluye madera tipo polines para aislamiento entre el terreno y la estructura metalica. | D12: UN | E12: 1 | F12: 12800000 | G12: 13410000 | H12: =(F12+G12)/2 -> 13105000 | I12: =H12 -> 13105000
B13: 3 | C13: Servicio de cerramiento en tuberia galvanizada y teja zinc en zona de acopio, incluye construccion de dados de concreto para soporte de paral metalico que deben tener altura 2,20ml, instalacion de teja de zinc altura 2,0m en vertical con perfileria horizantal de soporte entre paral y paral, incluye puerta de acceso en perfileria metalica y teja de zinc ancho de 3 metros (2 Hojas) con suministro de pasador y candado se debe suministrar plastico para proteccion total de la estructura metalica acopiada. | D13: ML | E13: 300 | F13: 12100000 | G13: 11950000 | H13: =(F13+G13)/2 -> 12025000 | I13: =H13 -> 12025000
C14: TOTAL | I14: =SUM(I11:I13) -> 33555000
B15: 5 | C15: ADMINISTRACION | D15: 0.1
C16: UTILIDAD | D16: 0.03

Sheet PPTO
C4: ADECUACIONES - MANTENIMIENTO
C5: OBJETO: TRASLADO DE ESTRUCTURA METALICA INTERNA EN CENTRO INDUSTRIAL DE MANTENIMIENTO Y MANUFACTURA
A7: ITEM | B7: DESCRIPCION DE LA ACTIVIDAD
D8: UN | E8: CANT | F8: V/UNIT. DIRECTO | G8: V / PARCIAL
A10: 1.1 | B10: LOCALIZACIÓN Y REPLANTEO DE OBRA | C10: ML | D10: M2 | E10: 300 | F10: 7740.79 | G10: =+E10*F10 -> 2322237
A11: 1.2 | B11: DESCAPOTE MANUAL HASTA 20 CM. (INCLUYE RETIRO Y ACARREO LIBRE HASTA 5 KM.) | C11: ML | D11: M2 | E11: 300 | F11: 10389.52 | G11: =+E11*F11 -> 3116856
A12: 1.3 | B12: BASE EN MATERIAL DE AFIRMADO COMPACTADO | C12: M2 | D12: M3 | E12: =300*0.1 -> 30 | F12: 92883.83 | G12: =+E12*F12 -> 2786514.9
A13: 1.4 | B13: EXCAVACION MANUAL DE ZANJA TIPO CUNETA | C13: ML | D13: M3 | E13: =20*0.3*0.4 -> 2.4 | F13: 70577.63 | G13: =+E13*F13 -> 169386.31
A14: 2.1 | B14: SERVICIO DE CARGUE DE ESTRUCTURA METÁLICA CON GRUA TELESCOPICA, MOVILIZACIÓN INTERNA Y TRASLADO DE ESTA ESTRUCTURA POR LA VIA CARRERA 12, RETORNO GLORIETA GUSTAVO JIMENEZ PARA VOLVER A LA CARRERA 12 Y REALIZAR INGRESO POR LA VÍA DIAGONAL 55 PARA INGRESO A PARQUEADERO NORTE DEL CENTRO INDUSTRIAL DE MANTENIMIENTO Y MANUFACTURA ENCONTRANDO EL PUNTO DE ACOPIO AL RESPALDO DE AREA DE TORRE DE ALTURAS DONDE DEBE REALIZARSE DESCARGUE DE ESTRUCTURA METÁLICA | D14: UN | E14: 1 | F14: 12555000 | G14: =+E14*F14 -> 12555000
A15: 2.2 | B15: SUMINSTRO E INSTALACION DE MADERA ROLLIZA 30 DE DIAMETRO CM L= 3M | D15: UN | E15: 20 | F15: 30000 | G15: =+E15*F15 -> 600000
A16: 3.1 | B16: PEDESTALES EN CONCRETO DE 21 MPA 0,20*0,20 H=0,50 | D16: M3 | E16: =33*(0.2*0.2*0.5) -> 0.66 | F16: 1136574.8 | G16: =+E16*F16 -> 750139.35
A17: 3.2 | B17: CERRAMIENTO EN TUBERIA GALVANIZADA 2" Y TEJA DE ZINC H = 2 M | D17: ML | E17: 63 | F17: 136604.35 | G17: =+E17*F17 -> 8606074
A18: 3.3 | B18: PUERTA MALLA ESLABONADA CAL 13 INCLUYE TUBO AGUA NEGRO DE 2" INCLUYE PASADOR | D18: M2 | E18: =2*4 -> 8 | F18: 199849.06 | G18: =+E18*F18 -> 1598792.5
A19: 4 | B19: SUMINISTRO E INSTALACION DE PLASTICO NEGRO CALIBRE 6 | D19: M2 | E19: 150 | F19: 7000 | G19: =+E19*F19 -> 1050000
A20: =+'[5]ANEXO.ACTA TECNICA'!D24 -> TOTAL COSTO DIRECTO | F20: =SUM(G10:G19) -> 33555000
A21: =+'[5]ANEXO.ACTA TECNICA'!D25 -> ADMINISTRACION | D21: AU | E21: 0.0982 | F21: 3295000
A22: =+'[5]ANEXO.ACTA TECNICA'!D27 -> UTILIDAD
A23: VALOR TOTAL CONTRATO SIN AJUSTE | E23: , | F23: =F20+F21 -> 36850000
A24: AJUSTE AL PESO
A25: VALOR TOTAL CONTRATO ORIGINAL | F25: 36850000
A26: VALOR TOTAL DEL CALCULADO
A27: VALOR DE LA PRESENTE ACTA
A29: SON
A32: ELABORADO POR:
B33: FIRMA
C34: JENNY VIVIAN FAJARDO
G53: VALOR CONTRACTUAL
F55: TANQUE SAN JOSE ALTO | G55: 3.0088891e+08
F56: TANQUE CARGUA | G56: 1.9827477e+08

Sheet 1,1
B3: FORMATO DE ANALISIS DE PRECIOS UNITARIOS
B5: OBJETO: | C5: TRASLADO DE ESTRUCTURA METALICA INTERNA EN CENTRO INDUSTRIAL DE MANTENIMIENTO Y MANUFACTURA
B9: CAPITULO | C9: 1
B11: DESCRIPCION | D11: LOCALIZACIÓN Y REPLANTEO DE OBRA
F12: UNIDAD: | G12: M2
B13: I. EQUIPO Y HERRAMIENTAS
B14: Descripción | D14: Unidad | E14: Precio Unit. | F14: Cantidad | G14: Valor parcial
B15: Herramienta Menor (%M.O.) | D15: % | E15: 5633.16 | F15: 5 | G15: =E15*F15/100 -> 281.658
B16: EQUIPO DE TOPOGRAFÍA (ESTACION TOTAL, NIVEL Y ACCESORIOS) | D16: HORA | E16: 18745 | F16: 5 | G16: =E16*F16/100 -> 937.25
G19: Sub-Total | H19: =G15+G16 -> 1218.908
B21: II. MATERIALES EN OBRA (incluye transporte)
B22: Descripción | D22: Unidad | E22: Precio Unit. | F22: Cantidad | G22: Valor parcial
B23: MADERA DURMIENTE ORDINARIO (4 cm. X 4 cm.) | D23: ML | E23: 3026.29 | F23: 0.26 | G23: =E23*F23 -> 786.8354
B24: PUNTILLA CON Y SIN CABEZA 1 | D24: LB | E24: 5094.67 | F24: 0.02 | G24: =E24*F24 -> 101.8934
G28: Sub-Total | H28: =SUM(G23:G27) -> 888.7288
B30: III. TRANSPORTE
B31: Descripción | D31: Unidad | E31: Cantidad | F31: Precio Unit. | G31: Valor parcial
G37: Sub-Total | H37: =SUM(G32:G36) -> 0
B40: IV. MANO DE OBRA
B41: Descripcion | C41: UM | E41: Jornal Total | F41: Rendimiento | G41: Valor-Unit.
B42: CUADRILLA DE ALBAÑILERIA (AA) | C42: HC | E42: 29224.69 | F42: 0.07 | G42: =E42*F42 -> 2045.7283
B43: OPÓGRAFO (II) | C43: HC | E43: 51248.97 | F43: 0.07 | G43: =E43*F43 -> 3587.4279
G45: Sub-Total | H45: =G42+G44+G43 -> 5633.1562
D47: VALOR TOTAL | H47: =H19+H28+H37+H45 -> 7740.793
B52: Firma del Proponente: | E52: _________________________________
L83: º

Sheet 1,2
B3: FORMATO DE ANALISIS DE PRECIOS UNITARIOS
B5: OBJETO: | C5: TRASLADO DE ESTRUCTURA METALICA INTERNA EN CENTRO INDUSTRIAL DE MANTENIMIENTO Y MANUFACTURA
B9: CAPITULO | C9: 1
B11: DESCRIPCION | D11: DESCAPOTE MANUAL HASTA 20 CM. (INCLUYE RETIRO Y ACARREO LIBRE HASTA 5 KM.)
F12: UNIDAD: | G12: M2
B13: I. EQUIPO Y HERRAMIENTAS
B14: Descripción | D14: Unidad | E14: Precio Unit. | F14: Cantidad | G14: Valor parcial
B15: Herramienta Menor (%M.O.) | D15: % | E15: 7306.17 | F15: 5 | G15: =E15*F15/100 -> 365.3085
G19: Sub-Total | H19: =G15+G16 -> 365.3085
B21: II. MATERIALES EN OBRA (incluye transporte)
B22: Descripción | D22: Unidad | E22: Precio Unit. | F22: Cantidad | G22: Valor parcial
G28: Sub-Total | H28: =SUM(G23:G27) -> 0
B30: III. TRANSPORTE
B31: Descripción | D31: Unidad | E31: Cantidad | F31: Precio Unit. | G31: Valor parcial
B32: VOLQUETA | D32: M3-5KM | E32: 0.26 | F32: 10454 | G32: =E32*F32 -> 2718.04
G37: Sub-Total | H37: =SUM(G32:G36) -> 2718.04
B40: IV. MANO DE OBRA
B41: Descripcion | C41: UM | E41: Jornal Total | F41: Rendimiento | G41: Valor-Unit.
B42: CUADRILLA DE ALBAÑILERIA (AA) | C42: HC | E42: 29224.69 | F42: 0.25 | G42: =E42*F42 -> 7306.1725
G45: Sub-Total | H45: =G42+G44+G43 -> 7306.1725
D47: VALOR TOTAL | H47: =H19+H28+H37+H45 -> 10389.521
B52: Firma del Proponente: | E52: _________________________________
L83: º

Sheet 1,3
B3: FORMATO DE ANALISIS DE PRECIOS UNITARIOS
B5: OBJETO: | C5: TRASLADO DE ESTRUCTURA METALICA INTERNA EN CENTRO INDUSTRIAL DE MANTENIMIENTO Y MANUFACTURA
B9: CAPITULO | C9: 1
B11: DESCRIPCION | D11: BASE EN MATERIAL DE AFIRMADO COMPACTADO
F12: UNIDAD: | G12: M3
B13: I. EQUIPO Y HERRAMIENTAS
B14: Descripción | D14: Unidad | E14: Precio Unit. | F14: Cantidad | G14: Valor parcial
B15: Herramienta Menor (%M.O.) | D15: % | E15: 29224.69 | F15: 5 | G15: =E15*F15/100 -> 1461.2345
B16: VIBROCOMPACTADOR RANA (HR) | D16: HORA | E16: 12500 | F16: 0.33 | G16: =E16*F16 -> 4125
G19: Sub-Total | H19: =G15+G16 -> 5586.2345
B21: II. MATERIALES EN OBRA (incluye transporte)
B22: Descripción | D22: Unidad | E22: Precio Unit. | F22: Cantidad | G22: Valor parcial
B23: MATERIAL DE AFIRMADO PARA PISOS Y BASES | D23: M3 | E23: 48393.33 | F23: 1.2 | G23: =+E23*F23 -> 58071.996
B24: AGUA | D24: L | E24: 3.65 | F24: 0.25 | G24: =+E24*F24 -> 0.9125
G28: Sub-Total | H28: =SUM(G23:G27) -> 58072.908
B30: III. TRANSPORTE
B31: Descripción | D31: Unidad | E31: Cantidad | F31: Precio Unit. | G31: Valor parcial
G37: Sub-Total | H37: =SUM(G32:G36) -> 0
B40: IV. MANO DE OBRA
B41: Descripcion | C41: UM | E41: Jornal Total | F41: Rendimiento | G41: Valor-Unit.
B42: CUADRILLA DE ALBAÑILERIA (AA) | C42: HC | E42: 29224.69 | F42: 1 | G42: =E42*F42 -> 29224.69
G45: Sub-Total | H45: =G42+G44+G43 -> 29224.69
D47: VALOR TOTAL | H47: =H19+H28+H37+H45 -> 92883.833
B52: Firma del Proponente: | E52: _________________________________
L83: º

Sheet 1,4
B3: FORMATO DE ANALISIS DE PRECIOS UNITARIOS
B5: OBJETO: | C5: TRASLADO DE ESTRUCTURA METALICA INTERNA EN CENTRO INDUSTRIAL DE MANTENIMIENTO Y MANUFACTURA
B9: CAPITULO | C9: 1
B11: DESCRIPCION | D11: EXCAVACION MANUAL DE ZANJA TIPO CUNETA
F12: UNIDAD: | G12: M3
B13: I. EQUIPO Y HERRAMIENTAS
B14: Descripción | D14: Unidad | E14: Precio Unit. | F14: Cantidad | G14: Valor parcial
B15: Herramienta Menor (%M.O.) | D15: % | E15: 67216.79 | F15: 5 | G15: =E15*F15/100 -> 3360.8395
G19: Sub-Total | H19: =G15+G16 -> 3360.8395
B21: II. MATERIALES EN OBRA (incluye transporte)
B22: Descripción | D22: Unidad | E22: Precio Unit. | F22: Cantidad | G22: Valor parcial
G28: Sub-Total | H28: =SUM(G23:G27) -> 0
B30: III. TRANSPORTE
B31: Descripción | D31: Unidad | E31: Cantidad | F31: Precio Unit. | G31: Valor parcial
G37: Sub-Total | H37: =SUM(G32:G36) -> 0
B40: IV. MANO DE OBRA
B41: Descripcion | C41: UM | E41: Jornal Total | F41: Rendimiento | G41: Valor-Unit.
B42: CUADRILLA DE ALBAÑILERIA (AA) | C42: HC | E42: 29224.69 | F42: 2.3 | G42: =E42*F42 -> 67216.787
G45: Sub-Total | H45: =G42+G44+G43 -> 67216.787
D47: VALOR TOTAL | H47: =H19+H28+H37+H45 -> 70577.626
B52: Firma del Proponente: | E52: _________________________________
L83: º

Sheet 2,3
B3: FORMATO DE ANALISIS DE PRECIOS UNITARIOS
B5: OBJETO: | C5: TRASLADO DE ESTRUCTURA METALICA INTERNA EN CENTRO INDUSTRIAL DE MANTENIMIENTO Y MANUFACTURA
B9: CAPITULO | C9: 2
B11: DESCRIPCION | D11: =PPTO!B15 -> SUMINSTRO E INSTALACION DE MADERA ROLLIZA 30 DE DIAMETRO CM L= 3M
F12: UNIDAD: | G12: =PPTO!D15 -> UN
B13: I. EQUIPO Y HERRAMIENTAS
B14: Descripción | D14: Unidad | E14: Precio Unit. | F14: Cantidad | G14: Valor parcial
B15: Herramienta Menor (%M.O.) | D15: % | E15: 0 | F15: 0 | G15: =E15*F15/100 -> 0
G19: Sub-Total | H19: =G15+G16 -> 0
B21: II. MATERIALES EN OBRA (incluye transporte)
B22: Descripción | D22: Unidad | E22: Precio Unit. | F22: Cantidad | G22: Valor parcial
B23: Madera rolliza diametro 30 cm L=3m | D23: Und | E23: 27077.531 | F23: 1 | G23: =E23*F23 -> 27077.531
G28: Sub-Total | H28: =SUM(G23:G27) -> 27077.531
B30: III. TRANSPORTE
B31: Descripción | D31: Unidad | E31: Cantidad | F31: Precio Unit. | G31: Valor parcial
G37: Sub-Total | H37: =SUM(G32:G36) -> 0
B40: IV. MANO DE OBRA
B41: Descripcion | C41: UM | E41: Jornal Total | F41: Rendimiento | G41: Valor-Unit.
B42: CUADRILLA DE ALBAÑILERIA (AA) | C42: HC | E42: 29224.69 | F42: 0.1 | G42: =E42*F42 -> 2922.469
G45: Sub-Total | H45: =G42+G44+G43 -> 2922.469
D47: VALOR TOTAL | H47: =H19+H28+H37+H45 -> 30000
B52: Firma del Proponente: | E52: _________________________________
L83: º

Sheet 3.1
B3: FORMATO DE ANALISIS DE PRECIOS UNITARIOS
B5: OBJETO: | C5: TRASLADO DE ESTRUCTURA METALICA INTERNA EN CENTRO INDUSTRIAL DE MANTENIMIENTO Y MANUFACTURA
B9: CAPITULO | C9: 3
B11: DESCRIPCION | D11: =PPTO!B16 -> PEDESTALES EN CONCRETO DE 21 MPA 0,20*0,20 H=0,50
F12: UNIDAD: | G12: =PPTO!D16 -> M3
B13: I. EQUIPO Y HERRAMIENTAS
B14: Descripción | D14: Unidad | E14: Precio Unit. | F14: Cantidad | G14: Valor parcial
B15: Herramienta Menor (%M.O.) | D15: % | E15: 347773.84 | F15: 7 | G15: =E15*F15/100 -> 24344.169
B16: VIBRADOR PORTÁTIL PARA CONCRETO | D16: DIA | E16: 98840.071 | F16: 0.3 | G16: =E16*F16 -> 29652.021
G19: Sub-Total | H19: =G15+G16 -> 53996.19
B21: II. MATERIALES EN OBRA (incluye transporte)
B22: Descripción | D22: Unidad | E22: Precio Unit. | F22: Cantidad | G22: Valor parcial
B23: ALAMBRE NEGRO NO.18 (RECOCIDO) | D23: KG | E23: 6328 | F23: 2 | G23: =E23*F23 -> 12656
B24: CONCRETO SIMPLE DE 21 Mpa. (3000 PSI) | D24: M3 | E24: 556652.91 | F24: 1.03 | G24: =E24*F24 -> 573352.5
B25: REPISA ORDINARIO 3m. | D25: ML | E25: 5950 | F25: 6 | G25: =E25*F25 -> 35700
B26: TABLA BURRA ORDINARIO X 3m. | D26: ML | E26: 11503.33 | F26: 9 | G26: =E26*F26 -> 103529.97
B27: PUNTILLA CON Y SIN CABEZA 1 | D27: LB | E27: 5094.67 | F27: 0.7 | G27: =E27*F27 -> 3566.269
B28: ALAMBRE GALVANIZADO # 18 | D28: KG | E28: 12000 | F28: 0.5 | G28: =E28*F28 -> 6000
G29: Sub-Total | H29: =SUM(G23:G28) -> 734804.74
B31: III. TRANSPORTE
B32: Descripción | D32: Unidad | E32: Cantidad | F32: Precio Unit. | G32: Valor parcial
G38: Sub-Total | H38: =SUM(G33:G37) -> 0
B41: IV. MANO DE OBRA
B42: Descripcion | C42: UM | E42: Jornal Total | F42: Rendimiento | G42: Valor-Unit.
B43: CUADRILLA DE ALBAÑILERIA (AA) | C43: HC | E43: 40914.57 | F43: 8.5 | G43: =E43*F43 -> 347773.84
G46: Sub-Total | H46: =G43+G45+G44 -> 347773.84
D48: VALOR TOTAL | H48: =H19+H29+H38+H46 -> 1136574.8
B53: Firma del Proponente: | E53: _________________________________
L84: º

Sheet 3.2
B3: FORMATO DE ANALISIS DE PRECIOS UNITARIOS
B5: OBJETO: | C5: TRASLADO DE ESTRUCTURA METALICA INTERNA EN CENTRO INDUSTRIAL DE MANTENIMIENTO Y MANUFACTURA
B9: CAPITULO | C9: 3
B11: DESCRIPCION | D11: =PPTO!B17 -> CERRAMIENTO EN TUBERIA GALVANIZADA 2" Y TEJA DE ZINC H = 2 M
F12: UNIDAD: | G12: =PPTO!D17 -> ML
B13: I. EQUIPO Y HERRAMIENTAS
B14: Descripción | D14: Unidad | E14: Precio Unit. | F14: Cantidad | G14: Valor parcial
B15: Herramienta Menor (%M.O.) | D15: % | E15: 347773.84 | F15: 0.7 | G15: =E15*F15/100 -> 2434.4169
G19: Sub-Total | H19: =G15+G16 -> 2434.4169
B21: II. MATERIALES EN OBRA (incluye transporte)
B22: Descripción | D22: Unidad | E22: Precio Unit. | F22: Cantidad | G22: Valor parcial
B23: TUBERIA GALVANIZADA 2" | D23: ML | E23: 15900 | F23: 2.5 | G23: =E23*F23 -> 39750
B24: TEJA ZINC H=2m | D24: M2 | E24: 10200 | F24: 4 | G24: =E24*F24 -> 40800
B25: ANGULO 1-1/2" X 1/8" | D25: ML | E25: 9685.5 | F25: 2 | G25: =E25*F25 -> 19371
B26: SOLDADURA 6011 x 1/8`` | D26: KG | E26: 15543.5 | F26: 0.1 | G26: =E26*F26 -> 1554.35
G27: =E27*F27 -> 0
G28: =E28*F28 -> 0
G29: Sub-Total | H29: =SUM(G23:G28) -> 101475.35
B31: III. TRANSPORTE
B32: Descripción | D32: Unidad | E32: Cantidad | F32: Precio Unit. | G32: Valor parcial
G38: Sub-Total | H38: =SUM(G33:G37) -> 0
B41: IV. MANO DE OBRA
B42: Descripcion | C42: UM | E42: Jornal Total | F42: Rendimiento | G42: Valor-Unit.
B43: CUADRILLA DE ALBAÑILERIA (AA) | C43: HC | E43: 40914.57 | F43: 0.79909365 | G43: =E43*F43 -> 32694.573
G46: Sub-Total | H46: =G43+G45+G44 -> 32694.573 | K46: 136604.35
D48: VALOR TOTAL | H48: =H19+H29+H38+H46 -> 136604.34
B53: Firma del Proponente: | E53: _________________________________
L84: º

Sheet 3,3
B3: FORMATO DE ANALISIS DE PRECIOS UNITARIOS
B5: OBJETO: | C5: TRASLADO DE ESTRUCTURA METALICA INTERNA EN CENTRO INDUSTRIAL DE MANTENIMIENTO Y MANUFACTURA
B9: CAPITULO | C9: 3
B11: DESCRIPCION | D11: PUERTA MALLA ESLABONADA CAL 13 INCLUYE TUBO AGUA NEGRO DE 2" INCLUYE PASADOR
F12: UNIDAD: | G12: M2
B13: I. EQUIPO Y HERRAMIENTAS
B14: Descripción | D14: Unidad | E14: Precio Unit. | F14: Cantidad | G14: Valor parcial
B15: Herramienta Menor (%M.O.) | D15: % | E15: 347773.84 | F15: 1.2 | G15: =E15*F15/100 -> 4173.2861
G19: Sub-Total | H19: =G15+G16 -> 4173.2861
B21: II. MATERIALES EN OBRA (incluye transporte)
B22: Descripción | D22: Unidad | E22: Precio Unit. | F22: Cantidad | G22: Valor parcial
B23: TUBERIA GALVANIZADA 2" | D23: ML | E23: 15900 | F23: 2.5 | G23: =E23*F23 -> 39750
B24: MALLA ESLABONADA CAL. 10 DE 2" X 2" | D24: M2 | E24: 32154.3 | F24: 1.8 | G24: =E24*F24 -> 57877.74
B25: SOLDADURA 6011 x 1/8`` | D25: KG | E25: 15543.5 | F25: 0.1 | G25: =E25*F25 -> 1554.35
B26: PASADOR | D26: UN | E26: 75000 | F26: 0.25 | G26: =E26*F26 -> 18750
G27: =E27*F27 -> 0
G28: Sub-Total | H28: =SUM(G23:G27) -> 117932.09
B30: III. TRANSPORTE
B31: Descripción | D31: Unidad | E31: Cantidad | F31: Precio Unit. | G31: Valor parcial
G37: Sub-Total | H37: =SUM(G32:G36) -> 0
B40: IV. MANO DE OBRA
B41: Descripcion | C41: UM | E41: Jornal Total | F41: Rendimiento | G41: Valor-Unit.
B42: CUADRILLA DE ALBAÑILERIA (AA) | C42: HC | E42: 40914.57 | F42: 1.9 | G42: =E42*F42 -> 77737.683
G45: Sub-Total | H45: =G42+G44+G43 -> 77737.683
D47: VALOR TOTAL | H47: =H19+H28+H37+H45 -> 199843.06
B52: Firma del Proponente: | E52: _________________________________
L83: º

Sheet 4,0
B3: FORMATO DE ANALISIS DE PRECIOS UNITARIOS
B5: OBJETO: | C5: TRASLADO DE ESTRUCTURA METALICA INTERNA EN CENTRO INDUSTRIAL DE MANTENIMIENTO Y MANUFACTURA
B9: CAPITULO | C9: 4
B11: DESCRIPCION | D11: =PPTO!B19 -> SUMINISTRO E INSTALACION DE PLASTICO NEGRO CALIBRE 6
F12: UNIDAD: | G12: =PPTO!D19 -> M2
B13: I. EQUIPO Y HERRAMIENTAS
B14: Descripción | D14: Unidad | E14: Precio Unit. | F14: Cantidad | G14: Valor parcial
B15: Herramienta Menor (%M.O.) | D15: % | G15: =E15*F15/100 -> 0
G19: Sub-Total | H19: =G15+G16 -> 0
B21: II. MATERIALES EN OBRA (incluye transporte)
B22: Descripción | D22: Unidad | E22: Precio Unit. | F22: Cantidad | G22: Valor parcial
B23: PLASTICO NEGRO CALIBRE 6 | D23: M2 | E23: 7000 | F23: 1 | G23: =E23*F23 -> 7000
G24: =E24*F24 -> 0
G25: =E25*F25 -> 0
G26: =E26*F26 -> 0
G27: =E27*F27 -> 0
G28: =E28*F28 -> 0
G29: Sub-Total | H29: =SUM(G23:G28) -> 7000
B31: III. TRANSPORTE
B32: Descripción | D32: Unidad | E32: Cantidad | F32: Precio Unit. | G32: Valor parcial
G38: Sub-Total | H38: =SUM(G33:G37) -> 0
B41: IV. MANO DE OBRA
B42: Descripcion | C42: UM | E42: Jornal Total | F42: Rendimiento | G42: Valor-Unit.
B43: CUADRILLA DE ALBAÑILERIA (AA) | C43: HC | G43: =E43*F43 -> 0
G46: Sub-Total | H46: =G43+G45+G44 -> 0
D48: VALOR TOTAL | H48: =H19+H29+H38+H46 -> 7000
B53: Firma del Proponente: | E53: _________________________________
L84: º

Sheet Hoja2
A1: JUS
